 Dungeon Crawl Stone Soup version 0.29-a0-520-gc852659d43 (webtiles) character file.

Game seed: 8353732840785832353

14 MysticalOrb the Shield-Bearer (level 2, -2/24 HPs)
             Began as a Human Fighter on May 31, 2022.
             Frozen to death by an endoplasm (4 damage)
             ... on level 1 of the Dungeon.
             The game lasted 00:07:25 (339 turns).

MysticalOrb the Shield-Bearer (Human Fighter)        Turns: 339, Time: 00:07:26

Health: -2/24      AC:  6    Str: 16    XL:     2   Next: 55%
Magic:  2/2        EV:  8    Int:  8    God:
Gold:   10         SH:  4    Dex: 12    Spells: 1/1 levels left

rFire   . . .      SeeInvis .   a - +0 rapier
rCold   . . .      Faith    .   c - +0 buckler
rNeg    . . .      Spirit   .   b - +0 scale mail
rPois   .          Reflect  .   (no helmet)
rElec   .          Harm     .   (no cloak)
rCorr   .          Rampage  .   (no gloves)
Will    .....                   (no boots)
Stlth   ..........              (no amulet)
HPRegen 0.08/turn               (no ring)
MPRegen 0.08/turn               (no ring)

@: no status effects
A: no striking features
a: no special abilities


You were on level 1 of the Dungeon.
You visited 1 branch of the dungeon, and saw 1 of its levels.

You collected 10 gold pieces.

Inventory:

Hand Weapons
 a - a +0 rapier (weapon)
Missiles
 h - 21 stones (quivered)
Armour
 b - a +0 scale mail (worn)
 c - a +0 buckler (worn)
Scrolls
 e - 2 scrolls of immolation {unknown}
 f - 3 scrolls of identify {unknown}
 i - a scroll of enchant weapon {unknown}
Potions
 d - a potion of might
 g - a potion of heal wounds {unknown}


   Skills:
 + Level 3.1 Fighting
 + Level 2.0 Short Blades
 + Level 3.2 Armour
 + Level 3.4 Shields


You had one spell level left.
You didn't know any spells.
Your spell library was empty.

Dungeon Overview and Level Annotations

Branches:
Dungeon (1/15)

Altars:


Message History

The ball python constricts you. You block the frilled lizard's attack.
The goblin hits you but does no damage.
You hit the ball python.
You kill the ball python!
You block the goblin's attack.
The frilled lizard completely misses you.
You hit the endoplasm.
The endoplasm is almost dead.
You block the goblin's attack. The endoplasm freezes you.
You are frozen.
The frilled lizard bites you but does no damage.
You hit the frilled lizard.
The frilled lizard is heavily wounded.
You block the goblin's attack. The goblin barely misses you.
You block the frilled lizard's attack. The endoplasm freezes you.
You are frozen.
You miss the frilled lizard.
The frilled lizard is heavily wounded.
The goblin hits you but does no damage. The frilled lizard closely misses you.
The endoplasm hits you. The goblin hits you with a +0 dagger.
You hit the frilled lizard.
You kill the frilled lizard!
The goblin hits you but does no damage. The endoplasm freezes you.
You are frozen.
* * * LOW HITPOINT WARNING * * *
The goblin hits you but does no damage.
You barely miss the rat. The goblin hits you but does no damage.
The rat bites you but does no damage. The endoplasm freezes you.
You are frozen.
* * * LOW HITPOINT WARNING * * *
You block the goblin's attack.
You hit the rat but do no damage. The goblin hits you but does no damage.
The rat barely misses you. The endoplasm freezes you.
You are frozen.
You die...

..............#
..............# #.....
............... .....#.
...)........#.. .#.....
..........### .......
......$....!..###.....
#.......##.####.....#
♣♣.♣.§°§.#......Jg..#
..♣♣§§§§........@r..##.
⌠.⌠.♣♣§§.........g..|.#
...☼♣§♣♣....######..!...
.∩..⌠.♣.♣...##### #..##.
.....⌠♣.♣.......# ..#
.<.∩..♣♣........# ...
...".⌠.♣♣#......# #.:
.∩..⌠.♣..#......# ##
...⌠♣.♣♣#########


You could see an endoplasm, 2 goblins and a rat.

Vanquished Creatures
  A bat (D:1)
  4 jackals (D:1)
  A kobold (D:1)
  A quokka (D:1)
  2 ball pythons (D:1)
  A frilled lizard (D:1)
  2 rats (D:1)
12 creatures vanquished.

Notes
Turn   | Place    | Note
-------+----------+-------------------------------------------
     0 | D:1      | MysticalOrb the Human Fighter began the quest for the Orb.
     0 | D:1      | Reached XP level 1. HP: 18/18 MP: 1/1
   100 | D:1      | Reached XP level 2. HP: 18/24 MP: 2/2
   339 | D:1      | Frozen to death by an endoplasm

Illustrated notes

Levels and vault maps discovered:
D:1:      heliophobic_arrival_enchanted_forest, layout_rooms

Action                   || total
-------------------------++-------
Melee: Rapier            ||    42
Armor: Scale mail        ||    39
Dodge: Dodged            ||    37
Block: Buckler           ||    17

Table legend: (Time is in decaauts)
 A = Elapsed time spent in this place.
 B = Non-inter-level travel time spent in this place.
 C = Inter-level travel time spent in this place.
 D = Time resting spent in this place.
 E = Time spent auto-exploring this place.
 F = Levels seen in this place.
 G = Mean time per level.
                   A        B        C        D        E       F      G
               +--------+--------+--------+--------+--------+-----+--------+
         Total |    344 |    253 |     91 |      0 |      0 |   1 |  344.0 |
       Dungeon |    344 |    253 |     91 |      0 |      0 |   1 |  344.0 |
               +--------+--------+--------+--------+--------+-----+--------+

Top non-repeatable levels by time:
     D:1: 344 daAuts
